PL
CALIFORNIA OCEANLINERS @ CHICAGO GOLD SOX
07/13/2020
 
TOP OF THE 1ST
California Oceanliners batting - Pitching for Chicago Gold Sox : LHP Wayne Craig
Pitching: LHP Wayne Craig
Batting: RHB Bernardo Herrera 0-0: Called Strike
0-1: Ground out 6-3 (Groundball, 56)
Batting: RHB Karl Schultz 0-0: Ball
1-0: Fly out, F9 (Flyball, 89XD)
Batting: SHB Mustapha Gonzales 0-0: Swinging Strike
0-1: Swinging Strike
0-2: Strikes out swinging
Top of the 1st over - 0 run(s), 0 hit(s), 0 error(s), 0 left on base; California 0 - Chicago 0
BOTTOM OF THE 1ST
Chicago Gold Sox batting - Pitching for California Oceanliners : RHP Octávio Rodríguez
Pitching: RHP Octávio Rodríguez
Batting: LHB William Wise 0-0: Called Strike
0-1: Ball
1-1: Foul Ball, location: 2F
1-2: DOUBLE (Flyball, 9LM)
Pitching: RHP Eduardo Molina
Batting: RHB Tyrone Scott 0-0: Called Strike
0-1: Swinging Strike
0-2: Foul Ball, location: 2F
0-2: Ball
1-2: Strikes out swinging
Batting: LHB Noel Ballard 0-0: Ball
1-0: Ball
2-0: Ground out 5-3 (Groundball, 5)
Batting: RHB Chris Smith 0-0: Called Strike
0-1: Ground out 6-3 (Groundball, 6M)
Bottom of the 1st over - 0 run(s), 1 hit(s), 0 error(s), 1 left on base; California 0 - Chicago 0
TOP OF THE 2ND
California Oceanliners batting - Pitching for Chicago Gold Sox : LHP Wayne Craig
Batting: RHB Brad Perry 0-0: Ball
1-0: Ground out 1-3 (Groundball, 15)
Batting: RHB Brian King 0-0: Ball
1-0: Fly out, F2 (Popup, 23F)
Batting: RHB Jake Hutchinson 0-0: Ball
1-0: Called Strike
1-1: Called Strike
1-2: Fly out, F8 (Flyball, 8RXD)
Top of the 2nd over - 0 run(s), 0 hit(s), 0 error(s), 0 left on base; California 0 - Chicago 0
BOTTOM OF THE 2ND
Chicago Gold Sox batting - Pitching for California Oceanliners : RHP Eduardo Molina
Batting: LHB Do-hyung Nam 0-0: Foul Ball, location: 2F
0-1: Ball
1-1: Foul Ball, location: 2F
1-2: Strikes out swinging
Batting: LHB Herman Hayes 0-0: Called Strike
0-1: Ball
1-1: Ground out 5-3 (Groundball, 15S)
Batting: RHB John Farrell 0-0: Ball
1-0: Ball
2-0: Foul Ball, location: 2F
2-1: Foul Ball, location: 2F
2-2: Fly out, F9 (Line Drive, 9M)
Bottom of the 2nd over - 0 run(s), 0 hit(s), 0 error(s), 0 left on base; California 0 - Chicago 0
TOP OF THE 3RD
California Oceanliners batting - Pitching for Chicago Gold Sox : LHP Wayne Craig
Batting: SHB Juan Sánchez 0-0: Foul Ball, location: 2F
0-1: Called Strike
0-2: Ball
1-2: Ball
2-2: Ball
3-2: Strikes out swinging
Batting: RHB Eduardo Molina 0-0: Called Strike
0-1: Foul Ball, location: 2F
0-2: Foul Ball, location: 2F
0-2: Strikes out looking
Batting: SHB Mark Kennedy 0-0: Called Strike
0-1: Ground out 1-3 (Groundball, 15)
Top of the 3rd over - 0 run(s), 0 hit(s), 0 error(s), 0 left on base; California 0 - Chicago 0
BOTTOM OF THE 3RD
Chicago Gold Sox batting - Pitching for California Oceanliners : RHP Eduardo Molina
Batting: RHB Pablo Trujillo 0-0: Called Strike
0-1: Ball
1-1: Called Strike
1-2: Ground out 6-3 (Groundball, 56)
Batting: LHB Wayne Craig 0-0: Called Strike
0-1: SINGLE (Flyball, 9S) - OUT at second base trying to stretch hit.
Batting: LHB William Wise 0-0: Called Strike
0-1: Called Strike
0-2: Ball
1-2: Foul Ball, location: 2F
1-2: Ball
2-2: SINGLE (Groundball, 34D)
Batting: RHB Tyrone Scott 0-0: Ball
1-0: Ball
2-0: Called Strike
2-1: Ball
3-1: Fly out, F8 (Flyball, 8RD)
Bottom of the 3rd over - 0 run(s), 2 hit(s), 0 error(s), 1 left on base; California 0 - Chicago 0
TOP OF THE 4TH
California Oceanliners batting - Pitching for Chicago Gold Sox : LHP Wayne Craig
Batting: RHB Bernardo Herrera 0-0: Ball
1-0: Called Strike
1-1: Swinging Strike
1-2: Strikes out swinging
Batting: RHB Karl Schultz 0-0: Called Strike
0-1: SINGLE (Groundball, 6)
Batting: SHB Mustapha Gonzales 0-0: Fly out, F4 (Popup, 4M)
Batting: RHB Brad Perry 0-0: Called Strike
0-1: Swinging Strike
0-2: Ball
1-2: Ball
2-2: Strikes out swinging
Top of the 4th over - 0 run(s), 1 hit(s), 0 error(s), 1 left on base; California 0 - Chicago 0
BOTTOM OF THE 4TH
Chicago Gold Sox batting - Pitching for California Oceanliners : RHP Eduardo Molina
Batting: LHB Noel Ballard 0-0: Ball
1-0: Foul Ball, location: 2F
1-1: Foul Ball, location: 2F
1-2: Foul Ball, location: 2F
1-2: Foul Ball, location: 2F
1-2: Foul Ball, location: 2F
1-2: Ground out U3 (Groundball, 3)
Batting: RHB Chris Smith 0-0: Ball
1-0: Ball
2-0: Called Strike
2-1: Ball
3-1: Foul Ball, location: 2F
3-2: Strikes out swinging
Batting: LHB Do-hyung Nam 0-0: Ball
1-0: Ball
2-0: Foul Ball, location: 2F
2-1: Ball
3-1: Base on Balls
Pitching: RHP Lance Hodges
Batting: LHB Herman Hayes 0-0: Ball
1-0: Ball
2-0: Ground out 6-3 (Groundball, 6)
Bottom of the 4th over - 0 run(s), 0 hit(s), 0 error(s), 1 left on base; California 0 - Chicago 0
TOP OF THE 5TH
California Oceanliners batting - Pitching for Chicago Gold Sox : LHP Wayne Craig
Batting: RHB Brian King 0-0: Swinging Strike
0-1: Called Strike
0-2: Foul Ball, location: 2F
0-2: Ball
1-2: Ball
2-2: Strikes out swinging
Batting: RHB Jake Hutchinson 0-0: Ball
1-0: Ground out 5-3 (Groundball, 56)
Batting: SHB Juan Sánchez 0-0: Ball
1-0: Ball
2-0: Called Strike
2-1: Foul Ball, location: 2F
2-2: Strikes out swinging
Top of the 5th over - 0 run(s), 0 hit(s), 0 error(s), 0 left on base; California 0 - Chicago 0
BOTTOM OF THE 5TH
Chicago Gold Sox batting - Pitching for California Oceanliners : RHP Lance Hodges
Batting: RHB John Farrell 0-0: Ball
1-0: Bunt for hit - play at first, batter OUT! 1-3
Batting: RHB Pablo Trujillo 0-0: Ground out 5-3 (Groundball, 5)
Batting: LHB Wayne Craig 0-0: Ball
1-0: Ball
2-0: Ball
3-0: Base on Balls
Batting: LHB William Wise 0-0: Ball
1-0: Called Strike
1-1: Swinging Strike
1-2: Ball
2-2: Ground out U3 (Groundball, 3)
Bottom of the 5th over - 0 run(s), 0 hit(s), 0 error(s), 1 left on base; California 0 - Chicago 0
TOP OF THE 6TH
California Oceanliners batting - Pitching for Chicago Gold Sox : LHP Wayne Craig
Pinch Hitting: RHB Soseki Matsunaga 0-0: Called Strike
0-1: Bunt for hit - play at first, batter safe!
Batting: SHB Mark Kennedy 0-0: Called Strike
0-1: Foul Ball, location: 2F
0-2: Foul Ball, location: 2F
0-2: Strikes out looking
Batting: RHB Bernardo Herrera 0-0: Ball
1-0: Ball
2-0: Ball
3-0: Ground out 6-3 (Groundball, 6MD)
Soseki Matsunaga to second
Batting: RHB Karl Schultz 0-0: Called Strike
0-1: Ball
1-1: Ball
2-1: Foul Ball, location: 2F
2-2: SINGLE (Groundball, 56D) (infield hit)
Soseki Matsunaga to third
Batting: SHB Mustapha Gonzales Pickoff Throw to First - Out!
Top of the 6th over - 0 run(s), 2 hit(s), 0 error(s), 0 left on base; California 0 - Chicago 0
BOTTOM OF THE 6TH
Chicago Gold Sox batting - Pitching for California Oceanliners : RHP Lance Hodges
Pitching: RHP Bruce Wright
Batting: RHB Tyrone Scott 0-0: Ball
1-0: Called Strike
1-1: Foul Ball, location: 2F
1-2: Foul Ball, location: 2F
1-2: Ball
2-2: Strikes out looking
Batting: LHB Noel Ballard 0-0: Called Strike
0-1: Ball
1-1: Swinging Strike
1-2: Ball
2-2: Strikes out swinging
Batting: RHB Chris Smith 0-0: Called Strike
0-1: Ball
1-1: Swinging Strike
1-2: Foul Ball, location: 2F
1-2: Ball
2-2: Strikes out looking
Bottom of the 6th over - 0 run(s), 0 hit(s), 0 error(s), 0 left on base; California 0 - Chicago 0
TOP OF THE 7TH
California Oceanliners batting - Pitching for Chicago Gold Sox : LHP Wayne Craig
Pinch Hitting: LHB Bill Burgess 0-0: Called Strike
0-1: Fly out, F8 (Line Drive, 89XD)
Batting: RHB Brad Perry 0-0: Ground out 6-3 (Groundball, 6MD)
Batting: RHB Brian King 0-0: Called Strike
0-1: Swinging Strike
0-2: Ball
1-2: DOUBLE (Popup, 9LS)
Pinch Runner at 2nd Tim Barnes:
Batting: RHB Jake Hutchinson 0-0: Called Strike
0-1: Called Strike
0-2: Ball
1-2: Ground out 6-3 (Groundball, 6M)
Top of the 7th over - 0 run(s), 1 hit(s), 0 error(s), 1 left on base; California 0 - Chicago 0
BOTTOM OF THE 7TH
Chicago Gold Sox batting - Pitching for California Oceanliners : RHP Bruce Wright
Now at SS: Tim Barnes
Now in LF: Bill Burgess
Batting: LHB Do-hyung Nam 0-0: Swinging Strike
0-1: Ball
1-1: Ball
2-1: Ball
3-1: Foul Ball, location: 2F
3-2: Strikes out swinging
Batting: LHB Herman Hayes 0-0: Ball
1-0: Ball
2-0: Foul Ball, location: 2F
2-1: Swinging Strike
2-2: Strikes out swinging
Batting: RHB John Farrell 0-0: Called Strike
0-1: Fly out, F7 (Flyball, 7LS)
Bottom of the 7th over - 0 run(s), 0 hit(s), 0 error(s), 0 left on base; California 0 - Chicago 0
TOP OF THE 8TH
California Oceanliners batting - Pitching for Chicago Gold Sox : LHP Wayne Craig
Batting: SHB Juan Sánchez 0-0: Called Strike
0-1: Foul Ball, location: 2F
0-2: Foul Ball, location: 2F
0-2: Ball
1-2: SINGLE (Flyball, 7S)
Pinch Hitting: LHB George Valentine 0-0: Sac Bunt - play at first, batter OUT! 5-4
Juan Sánchez to second
Batting: SHB Mark Kennedy 0-0: Ball
1-0: Called Strike
1-1: Called Strike
1-2: Ball
2-2: SINGLE (Flyball, 8RS)
Juan Sánchez to third
Batting: RHB Bernardo Herrera 0-0: Grounds into double play, 6-4-3 (Groundball, 6M)
Top of the 8th over - 0 run(s), 2 hit(s), 0 error(s), 1 left on base; California 0 - Chicago 0
BOTTOM OF THE 8TH
Chicago Gold Sox batting - Pitching for California Oceanliners : RHP Bruce Wright
Pitching: RHP George Frazier
Batting: RHB Pablo Trujillo 0-0: Foul Ball, location: 2F
0-1: Ball
1-1: Ball
2-1: SINGLE (Groundball, 56D)
Pinch Hitting: LHB Chris Hill 0-0: Ball
1-0: Called Strike
1-1: Foul Ball, location: 2F
1-2: SINGLE (Groundball, 56D)
Pablo Trujillo to second
Batting: LHB William Wise 0-0: Ball
1-0: Sac Bunt - play at first, batter safe!
Pablo Trujillo to third
Chris Hill to second
Batting: RHB Tyrone Scott 0-0: Ball
1-0: Ball
2-0: GRAND SLAM HOME RUN (Flyball, 7D), Distance : 401 ft
Pitching: LHP Marcelino Freschi
Batting: LHB Noel Ballard 0-0: Foul Ball, location: 2F
0-1: Ball
1-1: Ball
2-1: Foul Ball, location: 2F
2-2: Ball
3-2: Ground out 4-3 (Groundball, 4M)
Batting: RHB Chris Smith 0-0: Called Strike
0-1: DOUBLE (Flyball, 9LM) - OUT at third base trying to stretch hit.
Batting: LHB Do-hyung Nam 0-0: Ball
1-0: Ball
2-0: Foul Ball, location: 2F
2-1: SINGLE (Line Drive, 9S)
Batting: LHB Herman Hayes 0-0: Ball
1-0: DOUBLE (Flyball, 8RXD)
Do-hyung Nam to third
Batting: RHB John Farrell 0-0: Ball
1-0: Called Strike
1-1: Swinging Strike
1-2: Strikes out swinging
Bottom of the 8th over - 4 run(s), 7 hit(s), 0 error(s), 2 left on base; California 0 - Chicago 4
TOP OF THE 9TH
California Oceanliners batting - Pitching for Chicago Gold Sox : LHP Wayne Craig
Pitching: LHP Fernando Castro
Batting: RHB Karl Schultz 0-0: Ground out 5-3 (Groundball, 56)
Batting: LHB Bill Burgess 0-0: Ball
1-0: Foul Ball, location: 2F
1-1: Swinging Strike
1-2: Ball
2-2: Strikes out swinging
Batting: RHB Brad Perry 0-0: Ball
1-0: Swinging Strike
1-1: Foul Ball, location: 2F
1-2: Strikes out swinging
Top of the 9th over - 0 run(s), 0 hit(s), 0 error(s), 0 left on base; California 0 - Chicago 4
This league is powered by Out of the Park Baseball, the baseball management simulation game for PC, Mac and Linux
Friday, October 23rd, 2015 - OOTP Baseball 16.9 Build 39